 Dungeon Crawl Stone Soup version 0.26.1-10-gdfb7c7de75 (webtiles) character file.

Game seed: 10886599916441846251

58 Descartes the Magician (level 3, 0/15 (19) HPs)
             Began as a Deep Elf Hedge Wizard on Apr 7, 2021.
             Slain by a necrophage (3 damage)
             ... on level 2 of the Dungeon.
             The game lasted 00:03:54 (2478 turns).

Descartes the Magician (Deep Elf Hedge Wizard)      Turns: 2478, Time: 00:03:55

HP:   0/15 (19)     AC:  4    Str:  7    XL:     3   Next: 75%
MP:   0/11          EV: 13    Int: 19    God:
Gold: 186           SH:  0    Dex: 14    Spells: 11/12 levels left

rFire    + . .     SeeInvis .   a - +0 dagger
rCold    x . .     Faith    .   (no shield)
rNeg     . . .     Spirit   .   b - +0 robe
rPois    .         Reflect  .   w - +0 helmet
rElec    .         Harm     .   k - scarf {repulsion}
rCorr    +         Rampage  .   (no gloves)
Will     .....                  l - +0 pair of boots
Stlth    ++........             (no amulet)
HPRegen  0.05/turn              f - ring of resist corrosion
MPRegen  0.12/turn              r - ring of fire

@: heavily drained, repel missiles
A: no striking features
a: no special abilities


You were on level 2 of the Dungeon.
You visited 1 branch of the dungeon, and saw 3 of its levels.

You collected 186 gold pieces.

Inventory:

Hand Weapons
 a - a +0 dagger (weapon)
Missiles
 e - 133 stones
 i - 101 arrows
 o - 27 sling bullets
 q - a throwing net
 t - 9 poisoned darts
Armour
 b - a +0 robe (worn)
 k - a scarf of repulsion (worn)
 l - a +0 pair of boots (worn)
 w - a +0 helmet (worn)
 y - a +0 kite shield
Jewellery
 f - a ring of resist corrosion (left hand)
 r - a ring of fire (right hand)
Scrolls
 h - a scroll of teleportation {unknown}
 j - 2 scrolls of identify {unknown}
 n - a scroll of enchant armour {unknown}
 v - 2 scrolls of remove curse {unknown}
 x - a scroll of amnesia {unknown}
Potions
 c - a potion of attraction {unknown}
 d - a potion of degeneration {unknown}
 g - a potion of magic {unknown}
 m - a potion of berserk rage {unknown}
 p - a potion of mutation {unknown}
 s - a potion of flight {unknown}
 u - 2 potions of curing {unknown}


   Skills:
 - Level 2.4 Dodging
 - Level 2.4 Stealth
 * Level 0.2 Shields
 - Level 5.0 Spellcasting
 + Level 3.5 Conjurations
 - Level 1.1 Summonings
 - Level 1.1 Translocations


You had 11 spell levels left.
You knew the following spells:

 Your Spells              Type           Power        Failure   Level
a - Magic Dart            Conj           72%          3%          1

Your spell library contained the following spells:

 Spells                   Type           Power        Failure   Level
 Blink                    Tloc           N/A          12%         2
 Call Imp                 Summ           8%           12%         2
 Slow                     Hex            4%           19%         2
 Conjure Flame            Conj/Fire      17%          19%         3
 Mephitic Cloud           Conj/Pois/Air  9%           22%         3


Dungeon Overview and Level Annotations

Branches:
Dungeon (3/15)

Altars:


Message History

The necrophage is heavily damaged.
The necrophage closely misses you.
You hit the necrophage but do no damage.
The necrophage is heavily damaged.
The necrophage hits you.
* * * LOW HITPOINT WARNING * * *
You feel drained.
You hit the necrophage.
The necrophage is heavily damaged.
The necrophage hits you.
* * * LOW HITPOINT WARNING * * *
Casting: Magic Dart (safe; 3% risk of failure)
Confirm with . or Enter, or press ? or * to list all spells.
Aiming: Magic Dart (safe; 3% risk of failure)
Press: ? - help, Shift-Dir - straight line, f/p - necrophage
Aim: a necrophage (heavily damaged, 0% to evade)
The magic dart hits the necrophage.
The necrophage is heavily damaged.
The necrophage hits you.
You die...

###### #....#
#.##.#######
#.##.......#
#..........# ##
###..#.......# #.
#....#.......# #.
#@##.#.......# #.
####n.#.#.......####.
#...>................
#.##..#.############.
#.##..#.########.....
#....................
#####)##########.#...
##....## #.##..
#......# #.##..


You could see a necrophage.

Vanquished Creatures
  2 adders (D:2)
  A dart slug (D:1)
  A leopard gecko (D:3)
  An orc (D:3)
  A bat (D:2)
  6 goblins
  4 hobgoblins
  4 jackals (D:1)
  4 kobolds
  2 quokkas
  2 frilled lizards
  4 rats
32 creatures vanquished.

Notes
Turn   | Place    | Note
-------+----------+-------------------------------------------
     0 | D:1      | Descartes the Deep Elf Hedge Wizard began the quest for the
                  | Orb.
     0 | D:1      | Reached XP level 1. HP: 10/10 MP: 7/7
   730 | D:1      | Reached XP level 2. HP: 15/15 MP: 6/9
  1044 | D:1      | Reached skill level 5 in Spellcasting
  1656 | D:2      | Reached XP level 3. HP: 17/19 MP: 4/11
  2436 | D:3      | Noticed a necrophage
  2478 | D:2      | Slain by a necrophage

Illustrated notes

Levels and vault maps discovered:
D:1:      shiori_arrival_maze, layout_basic
D:2:      layout_basic
D:3:      minmay_razor_zed, layout_basic, chequers_ecumenical_altar_lobes,
          minmay_bisected, uniq_ijyb, uniq_crazy_yiuf_cottage

Skill      XL: |  1  2  3 |
---------------+----------+-----
Conjurations   | 2 3 |  3.5
Spellcasting   | 5 |  5.0
Dodging        | |  2.4
Stealth        | |  2.4
Shields        | |  0.2
Summonings     | |  1.1
Translocations | |  1.1

Action                   || total
-------------------------++-------
Melee: Dagger            ||    21
 Cast: Magic Dart        ||    98
Armor: Robe              ||     4
Dodge: Dodged            ||    33
